Cogmind - Beta 15 *** ADVENTURER MODE // 2025.08.11 @ 20:17:40 Player: erkyp3rky Result: Destroyed by DAS Turret with DAS Cannon Performance ------------- Evolutions (0) 0 Regions Visited (3) 600 Robots Destroyed (16) 80 Value Destroyed (279) 279 Prototype IDs (24) 480 Alien Tech Used (0) 0 Bonus (75) 75 TOTAL SCORE: 1514 Bonus ------- Aligned with FarCom 300 Friendly Fire -225 Cogmind --------- Core Integrity 0/250 Matter 187/300 Energy 90/100 System Corruption 0% Temperature Cool (0) Movement Core (50) Location -10/Exiles Parts ------- > --- POWER (1) -------- (None) > --- PROPULSION (2) --- (None) > --- UTILITY (2) ------ (None) > --- WEAPON (2) ------- Assault Rifle > --- INVENTORY (5) ---- Light Treads High-capacity Matter Pod (200) Sensor Array Targeting Computer Utility Shielding Peak State ------------ > --- POWER ------------ Cooled Ion Engine > --- PROPULSION ------- Light Treads Light Treads > --- UTILITY ---------- Large Storage Unit Structural Scanner > --- WEAPON ----------- YOLO Cannon > --- INVENTORY -------- Cooled Ion Engine Light Treads High-capacity Matter Pod Sensor Array Targeting Computer Utility Shielding Rocket Launcher Rocket Launcher [Rating: 28] Favorites ----------- Power Cooled Ion Engine Engine Cooled Ion Engine Propulsion Light Treads Treads Light Treads Utility Structural Scanner Device Structural Scanner Storage Small Storage Unit Weapon Assault Rifle Energy Cannon YOLO Cannon Ballistic Gun Assault Rifle Launcher Rocket Launcher Build | -11 -10 -10 -10 ------- Run | Yrd Mat Min Exi Slots Evolved . | . . . . Power . | . . . . Propulsion . | . . . . Utility . | . . . . Weapon . | . . . . Parts Attached 15 | 7 5 . 3 Power 3 | 1 2 . . Engine 3 | 1 2 . . Core . | . . . . Reactor . | . . . . Propulsion 2 | 2 . . . Treads 2 | 2 . . . Leg . | . . . . Wheel . | . . . . Hover . | . . . . Flight . | . . . . Utility 4 | 2 1 . 1 Device 2 | 1 1 . . Storage 2 | 1 . . 1 Processor . | . . . . Hackware . | . . . . Protection . | . . . . Artifact . | . . . . Weapon 6 | 2 2 . 2 Energy Gun . | . . . . Energy Cannon 1 | . . . 1 Ballistic Gun 3 | 2 1 . . Ballistic Cannon . | . . . . Launcher 2 | . 1 . 1 Special Weapon . | . . . . Impact Weapon . | . . . . Slashing Weapon . | . . . . Piercing Weapon . | . . . . Special Melee Weapon . | . . . . Unidentified Prototypes 1 | . 1 . . Parts Lost 7 | . . . 7 Power 1 | . . . 1 Propulsion 2 | . . . 2 Utility 1 | . . . 1 Weapon 3 | . . . 3 Highest Loss Streak 7 | . . . 7 To Critical Strikes . | . . . . Average Backups 7 | . 5 8 8 Power . | . . 1 1 Propulsion . | . . 1 1 Utility 3 | . 2 4 4 Weapon 1 | . 1 2 2 Tool/Special . | . . . . Unused Backups 7 | . 1 . 6 Power 1 | . . . 1 Propulsion 1 | . . . 1 Utility 5 | . 1 . 4 Weapon . | . . . . Tool/Special . | . . . . Average Slot Usage (%) 99 | . 99 100 99 Engine 13 | . 13 14 13 Treads 27 | . 28 28 27 Device 13 | . 14 14 13 Storage 14 | . 14 14 14 Ballistic Gun 25 | . 21 28 27 Launcher 2 | . 5 . . Peak Build Rating 28 | 7 11 10 28 Average Rating 9 | 5 9 10 10 On Entrance 6 | . 7 10 10 Naked Turns . | . . . . Heaviest Build 37 | 13 20 18 37 Greatest Support 40 | 40 40 40 40 Greatest Overweight (x) 7 | 1 . . 7 Average Overweight (x) . | . . . . Largest Inventory Capacity 15 | 8 8 8 15 Average Capacity 10 | 7 8 8 12 Most Carried 10 | 1 8 8 10 Average Carried 7 | . 5 8 8 Final Capacity 8 | 8 8 8 5 Final Carried 8 | . 8 8 5 Class Distribution -------------------- 100% | Mutant Dominant Class ---------------- Mutant | -10/Materials Mutant | -10/Mines Mutant | -10/Exiles Resources | -11 -10 -10 -10 ----------- Run | Yrd Mat Min Exi Matter Collected 770 | 302 114 . 354 Remotely . | . . . . Salvage Created 413 | 126 257 . 30 Parts 38 | 6 19 . 13 Haulers Intercepted 2 | . 2 . . Recyclers Shooed . | . . . . Parts Field Recycled . | . . . . Retrieved Matter . | . . . . Parts Self-Destructed . | . . . . Prevented . | . . . . Kills | -11 -10 -10 -10 ------- Run | Yrd Mat Min Exi Combat Hostiles Destroyed 8 | . 8 . . Guns 2 | . 2 . . AOE 6 | . 6 . . Classes Destroyed 5 | 2 3 . . Tunneler 3 | 2 1 . . Hauler 2 | . 2 . . Recycler 1 | 1 . . . Swarmer 3 | . 3 . . Grunt 5 | . 5 . . Best Kill Streak 4 | 3 4 . 2 Combat Bots Only 3 | . 3 . . Max Kills in Single Turn 2 | 1 2 . 1 Gunslinging . | . . . . Exploded 2 | . 2 . . Melee . | . . . . Uniques/NPCs Destroyed 2 | . . . 2 EX-DEC (-10/Exiles) EX-BIN (-10/Exiles) Combat | -11 -10 -10 -10 -------- Run | Yrd Mat Min Exi Hostile Shots Fired 64 | . 13 . 51 Missed 17 | . 4 . 13 Hits 47 | . 9 . 38 Melee 2 | . . . 2 Projectile 45 | . 9 . 36 Critical Strikes 2 | . 1 . 1 Damage Taken 1016 | . 63 . 953 Core 260 | . . . 260 Absorbed by Shields . | . . . . Ignored by Resistances 278 | . 21 . 257 Regen/Repaired (Parts) 16 | . 16 . . Core Remaining (%) 100 | 100 . . . Volleys Fired 35 | 6 18 . 11 Largest 2 | 2 2 . 2 Hottest 66 | 40 40 . 66 Shots Fired 52 | 12 20 . 20 Gun 39 | 12 13 . 14 Cannon . | . . . . Launcher 13 | . 7 . 6 Special . | . . . . Kinetic 39 | 12 13 . 14 Thermal . | . . . . Explosive 13 | . 7 . 6 Electromagnetic . | . . . . Robot Hit Streak 21 | 11 19 . 21 Robot Miss Streak 1 | . 1 . 1 Penetration Max . | . . . . Secondary Targets . | . . . . Shots Hit Robots 42 | 11 19 . 12 Core Hits 26 | 4 16 . 6 Critical Kills . | . . . . Critical Parts Destroyed . | . . . . Critical Strikes . | . . . . Melee Attacks . | . . . . Impact . | . . . . Slashing . | . . . . Piercing . | . . . . Sneak Attacks . | . . . . Combat Hostiles . | . . . . Follow-up Attacks . | . . . . Damage Inflicted 1210 | 131 717 4 358 Guns 366 | 131 147 . 88 Cannons . | . . . . Explosions 840 | . 570 . 270 Melee . | . . . . Ramming 4 | . . 4 . Kinetic 366 | 131 147 . 88 Thermal . | . . . . Explosive 762 | . 492 . 270 Electromagnetic 78 | . 78 . . Impact . | . . . . Slashing . | . . . . Piercing . | . . . . Highest Corruption . | . . . . Average Corruption . | . . . . Corruption Purged . | . . . . Corruption Blocked . | . . . . Overload Shots . | . . . . Overflow Damage . | . . . . Projectiles . | . . . . Explosions . | . . . . Melee . | . . . . Knockbacks . | . . . . Impact . | . . . . Kinetic . | . . . . Secondary . | . . . . Self-Inflicted Damage . | . . . . Shots . | . . . . Rammed 1 | . . 1 . Targets Rammed 1 | . . 1 . Kicked . | . . . . Crushed . | . . . . Highest Temperature 8 | . . . 8 Average Temperature 6 | . . . 6 Received Heat Transfer 70 | . 30 . 40 Siege Activations . | . . . . Martial Activations . | . . . . Shielding Activations . | . . . . Robots Disrupted . | . . . . Combat Hostiles . | . . . . Robots Corrupted . | . . . . Combat Hostiles . | . . . . Parts Fried . | . . . . Impact Corruptions . | . . . . Robots Melted . | . . . . Combat Hostiles . | . . . . Parts Melted . | . . . . Heat Transferred . | . . . . Parts Sabotaged . | . . . . Parts Stolen . | . . . . Parts Stripped . | . . . . Power Chain Reactions . | . . . . Alert | -11 -10 -10 -10 ------- Run | Yrd Mat Min Exi Maximum Alert Level . | . . . . Low Security (%) 100 | 100 100 100 . Level 1 . | . . . . Level 2 . | . . . . Level 3 . | . . . . Level 4 . | . . . . Level 5 . | . . . . High Security . | . . . . Max Security . | . . . . Peak Influence 103 | 10 103 7 . Initial 7 | . . 7 . Average 37 | 1 47 1 . Influence Increases 278 | 15 263 . . Destroy 0b10 Robot/C 160 | . 160 . . Destroy 0b10 Robot/NC 30 | 15 15 . . Destroy Leader 34 | . 34 . . Successful Hack 12 | . 12 . . Disable Machine 18 | . 18 . . Destroy Structure 24 | . 24 . . Influence Decreases 278 | 15 240 23 . Entered New Map 16 | . . 16 . Time Decay 262 | 15 240 7 . Squads Dispatched . | . . . . Investigation . | . . . . Extermination . | . . . . Reinforcement . | . . . . Assault . | . . . . Garrison . | . . . . Intercept . | . . . . Searches Triggered . | . . . . Construction Impeded . | . . . . Haulers Reinforced . | . . . . Active Scanning Responses . | . . . . Cargo Convoy Interrupts . | . . . . Stealth | -11 -10 -10 -10 --------- Run | Yrd Mat Min Exi Distress Signals . | . . . . Communications Jammed . | . . . . Distress Signals . | . . . . Times Spotted 23 | . 14 . 9 Peak Tracking Total 12 | . 4 . 12 Tactical Retreats . | . . . . Traps | -11 -10 -10 -10 ------- Run | Yrd Mat Min Exi Traps Triggered . | . . . . Indirectly . | . . . . Trap Hack Attempts . | . . . . Triggered . | . . . . Disarmed . | . . . . Reprogrammed . | . . . . Reused . | . . . . Traps Extracted . | . . . . Installed . | . . . . Triggered . | . . . . Machines | -11 -10 -10 -10 ---------- Run | Yrd Mat Min Exi Machines Disabled 6 | . 2 . 4 Max in Single Turn 1 | . 1 . 1 Machines Repaired . | . . . . Machines Dismantled . | . . . . Machines Sabotaged . | . . . . Overloaded Fab Kills . | . . . . Hacking | -11 -10 -10 -10 --------- Run | Yrd Mat Min Exi Machines Accessed 6 | . 5 . 1 Terminals 4 | . 4 . . Fabricators . | . . . . Repair Stations 1 | . 1 . . Recycling Units . | . . . . Scanalyzers . | . . . . Garrison Access . | . . . . Total Hacks 15 | . 14 . 1 Successful 10 | . 9 . 1 Failed 5 | . 5 . . Catastrophic . | . . . . Database Lockouts . | . . . . Manual 13 | . 12 . 1 Terminals 12 | . 12 . . Fabricators . | . . . . Repair Stations 2 | . 2 . . Recycling Units . | . . . . Scanalyzers . | . . . . Garrison Access . | . . . . Terminal Hacks 5 | . 4 . 1 Robot Analysis 3 | . 3 . . Branch Access Points 1 | . 1 . . Proto ID Catalog 1 | . . . 1 Fabricator Hacks . | . . . . Repair Station Hacks 2 | . 2 . . Scan Component 1 | . 1 . . Repair 1 | . 1 . . Recycling Unit Hacks . | . . . . Scanalyzer . | . . . . Garrison Access Hacks . | . . . . Unauthorized Hacks 3 | . 3 . . Terminals 3 | . 3 . . Botnet 3 | . 3 . . Fabricators . | . . . . Repair Stations . | . . . . Recycling Units . | . . . . Scanalyzers . | . . . . Garrison Access . | . . . . Data Cores Recovered . | . . . . Used . | . . . . Hacking Detections 4 | . 4 . . Full Trace Events . | . . . . Feedback Events . | . . . . Feedback Blocked . | . . . . Robot Schematics Acquired . | . . . . Robots Built . | . . . . Authchips . | . . . . Time . | . . . . Total Robot Build Rating . | . . . . Part Schematics Acquired . | . . . . Parts Built . | . . . . Authchips . | . . . . Time . | . . . . Total Part Build Rating . | . . . . Parts Repaired 1 | . 1 . . Time 32 | . 32 . . Parts Recycled . | . . . . Recycled Matter . | . . . . Retrieved Matter . | . . . . Retrieved Components . | . . . . Parts Scanalyzed . | . . . . Part Schematics Acquired . | . . . . Parts Damaged . | . . . . Bothacking | -11 -10 -10 -10 ------------ Run | Yrd Mat Min Exi Used RIF Installer . | . . . . Robots Hacked . | . . . . Non-combat . | . . . . Combat . | . . . . Robot Hacks Applied . | . . . . Relay Couplers Released . | . . . . Fabnet Peak Effective % . | . . . . Robots Rewired . | . . . . Allies Hacked . | . . . . Hacks Repelled . | . . . . Allies | -11 -10 -10 -10 -------- Run | Yrd Mat Min Exi Total Allies . | . . . . Largest Group . | . . . . Highest-Rated Group . | . . . . Highest-Rated Ally . | . . . . Total Orders . | . . . . Ally Attacks . | . . . . Total Damage . | . . . . Kills . | . . . . Allies Corrupted . | . . . . Allies Melted . | . . . . Turrets Deployed 2 | . . . 2 Intel | -11 -10 -10 -10 ------- Run | Yrd Mat Min Exi Active Infowar (turns) 1950 | 12 562 77 1299 Structural 1576 | . 200 77 1299 Seismic 374 | 12 362 . . Robot Analysis Total 3 | . 3 . . Derelict Logs Recovered . | . . . . Drone Launches . | . . . . Drone Recoveries . | . . . . Exploration | -11 -10 -10 -10 ------------- Run | Yrd Mat Min Exi Turns Passed 2034 | 86 562 77 1309 Spaces Moved 1164 | 39 290 48 787 Core 6 | 5 . . 1 Treads 1158 | 34 290 48 786 Legs . | . . . . Wheels . | . . . . Hover . | . . . . Flight . | . . . . Fastest Speed 50 | 50 160 160 160 Average Speed 159 | 147 160 160 160 Slowest Speed 400 | 160 160 160 400 Overloaded Moves . | . . . . Propulsion Burnouts . | . . . . Robots Hopped . | . . . . Potential Cave-ins . | . . . . Cave-ins Triggered . | . . . . Exploration Rate (%) 40 | 4 54 12 93 Regions Visited 3 Branch Regions 2 Pre-discovered Areas . | . . . . Known Exits Taken 1 | . 1 . . Unknown Exits Taken 2 | 1 . 1 . Scrap Searched . | . . . . Spaces Dug . | . . . . Terrain Destroyed 45 | . 24 . 21 Melee . | . . . . Projectile . | . . . . AOE 45 | . 24 . 21 Terrain Rammed . | . . . . Walls Destroyed . | . . . . Machines Disabled . | . . . . Actions | -11 -10 -10 -10 --------- Run | Yrd Mat Min Exi Total 1284 | 53 367 48 816 Wait 32 | . 32 . . Move 1161 | 38 289 47 787 Hop . | . . . . Pick Up 14 | 1 10 . 3 Fast Attach 13 | 7 4 . 2 Attach 4 | . 1 . 3 Detach 2 | . 2 . . Swap 9 | . 6 . 3 Drop 13 | 1 5 . 7 Fire 35 | 6 18 . 11 Melee . | . . . . Ram . | . . . . Kick . | . . . . Crush 1 | . . 1 . Escape Stasis . | . . . . Rewire . | . . . . Trap . | . . . . Miscellaneous . | . . . . Route ------- -11/Scrapyard -10/Materials (discovered 2 exits: [*Mat] / *Min) -10/Mines -10/Exiles (discovered 1 exit: [*Min]) History --------- Turn | Location | Event 17 | -11/Scrapyard | Discovered new exit (range 15) 87 | -11/Scrapyard | Entered Materials 243 | -10/Materials | Discovered new exit (range 15) 283 | -10/Materials | Identified exit to Mines 309 | -10/Materials | Build established: Mutant 624 | -10/Materials | Repaired Rocket Launcher 649 | -10/Materials | Entered Mines 718 | -10/Mines | Deemed a non-threat by the Exiles lab entrance 718 | -10/Mines | Discovered new exit (range 5) 726 | -10/Mines | Entered Exiles 766 | -10/Exiles | Met 8R-AWN 792 | -10/Exiles | Met EX-HEX 858 | -10/Exiles | Met EX-DEC 901 | -10/Exiles | Met EX-BIN 923 | -10/Exiles | Aligned with FarCom system 925 | -10/Exiles | Given EX-Vault access code 963 | -10/Exiles | Opened EX-Vault 1003 | -10/Exiles | Warned to stay clear of 0b10 Research branches 1307 | -10/Exiles | Found YOLO Cannon 1453 | -10/Exiles | Found Deploy-a-Sentry 1455 | -10/Exiles | Found Deploy-a-Sentry 1649 | -10/Exiles | Visited The Gauntlet 1904 | -10/Exiles | Discovered new exit (range 14) 1924 | -10/Exiles | DAS Turret deployed 1926 | -10/Exiles | DAS Turret deployed 2006 | -10/Exiles | Attacked by the Exiles 2011 | -10/Exiles | Destroyed EX-DEC 2029 | -10/Exiles | Destroyed EX-BIN 2034 | -10/Exiles | Core integrity fell below 50% 2035 | -10/Exiles | Destroyed by DAS Turret with DAS Cannon Last Messages --------------- if OCT was still around!" 02011_ EX-DEC destroyed. 02013_ Rocket Launcher destroyed. 02015_ EX-BIN: "I just want to science!" 02015_ The unstable cave ceiling collapses. 02015_ Rocket Launcher destroyed. 02017_ The unstable cave ceiling collapses. 02021_ Lgt. Treads destroyed. 02024_ Destroyed EX Chip 2. 02025_ Cld. Ion Engine destroyed. 02025_ Assault Rifle destroyed. 02025_ Structural Scanner destroyed. 02025_ Critical hit (Blast). 02029_ EX-BIN: "You can't kill me, my evil twin will get revenge!" 02029_ EX-BIN destroyed. 02030_ The unstable cave ceiling collapses. 02030_ Lgt. Treads destroyed. 02034_ Machine disabled. 02035_ Dropped Lrg. Storage Unit. Map ----- +----------------------------------------------------+ | ???#########?????????????????"" ##?##" " | | ???##!!! "##?????????????????#####?##" | | ???## "##?????????????????#####?##" | | #?### "##?????????#########?????##" | | ##### ""##????????##########?????##" | | ####" ""##????????## """##?????##" | | ##" ""##????????##"" """##?????### | | #"" ####????????##"" ##?????### | | ####????????##"" ##??????##" "X" | | ###?????????##"" "##??????##" """ | | "####???????## ""##?????###" """""" | | #####??????##"" ""##????####" ####### | | ########?#### ###########"" ####### | | "###"" ############ ##########"" ###???? | | "####" "" #####X# #"###""""""" ####??# | | #####" """""" " "" ###### | | ######"# "" """ " ##### | | ###?##### " " | | #???####### | | ???????###### | | ?????????##### | | ???????????#### | | ????????????####" %%% a | | ?????????????###"" %% """"" | | ?????????????###" a% ######""" | | ???????????####" *@ % ""###########""" | | ???????????## """####??#######""" | | ???????????## a"""####???????###"""" | | ??????????? a ""##############"" | | ??????????? aa ##############"""" | | ???????????# a ## ####""" | | ???????????# t """" | | ???????????? ## | | ????????????# # | | ?????????????# | | ?????????????## " " "" | | ?????????????### & ! ""## ##""" " " | | ??????????????##" !!!! ""#### ######""" | | ??????????????##" !!%=!"" "##### ########" | | ??????????????##""" *=! """##### ######### | | ??????????????### ! ""#####! "!##??## | | ??????????????###"" """######" !##???? | | ???????????????###""" ####?##" "##???? | | ???????????????####"""" ####??##!!""!"##???? | | ????????????????##### ###???##########???? | | ?????????????????######## ###????##########???? | | ???????????????????####### ###?????????????????? | | ???????????????????????### ##??????????????????? | | ????????????????????????## ##??????????????????? | | ??????????????######????## ##??????????????????? | +----------------------------------------------------+ Best States ------------- Heat Dissipation 25 Energy Generation 14 Energy Capacity 280 Matter Stores 300 Matter Capacity 300 Sight Range 16 Terrain Scan Density 10 Resistance: KI 20 Resistance: TH 20 Resistance: EX 20 Resistance: EM 20 Resistance: I 20 Resistance: S 20 Resistance: P 20 Evasion (%) 40 Recoil Reduction 2 Offensive Hacking 10 Item Schematics ----------------- None Robot Schematics ------------------ None Fabricated ------------ Nothing Repaired ---------- Rocket Launcher | 77% | -10/Materials Alien Tech Used ----------------- None Achievements -------------- None Challenges ------------ None Game ------ Seed CobblerSigixReconfigurator Manual? 0 Play Time 00:14:55 Cumulative 66.1 hours Start 2025.08.11 @ 20:00:01 End 2025.08.11 @ 20:17:40 Sessions 1 Manual Loads 0 Difficulty Adventurer Special Mode None Game No. 55 Rogue 19 Adventurer 36 Explorer 0 Win Type - Total 2 Types 2/0/0/0/0/0/0/0/0/0 Lore% 38 Gallery% 48 Achievement% 46 Wizard Run 0 Options --------- Layout 1 ASCII 1 Keyboard 0 Movement Mouse Keybinds 0 Fullscreen 1 Font 24/Proggy Map View 50x35 Zoom Use 0% Tactical HUD 1 Map Filters NONE Filters NONE Steam 1 RUN: c3412ca9-8938-4719-87e2-e8a7e5283a02